Unix NetHack Version 5.0.0-0 post-release - last build Jul 19 2026 19:10:59 (3aa4ab31751d3886436d94b585a96704892fd477,branch:main).

Game began 2026-07-22 02:07:48, ended 2026-07-22 02:18:52.

Jinnora, neutral female human Wizard

                        ---------------------------------
                        |...............................|
                        |.---------------.-----------...|
                        |.|.//$|   |(((.|.+    |(.(@|...|
                        |.-.)(n|   |!!(.-(|    |(%(@|...|
                        |.|.!!!|   |(((.|.|    |(((.-.).|
                        |.-------+-------.----------|...|
                        |.............{....|....|   |...|
                        |.----|.----.......|.._.|   |...|
                        |.|........|.......|....|   |...|
                        |.|..|..|..|......{|....|   |...|       ---.---
                        |.-.|-----+........----|---+-...|#   ###.<....|
           -.           .......................)....)....##### #|.....|
                        |.----..----....----|--.........|#      +.....|
                        |.+  |..|. |....|  |..|.........|       |.....|
                        |.|  |..|..-....+  |..|.........|        .....|
                        ---  ------------  --------------       -------

Jinnora the Conjurer      St:12 Dx:18 Co:12 In:15 Wi:9 Ch:10  Neutral
Dlvl:6  $:0  HP:0(37) Pw:13(38) AC:6  Xp:5/305 T:1499 

Latest messages:
 In what direction? 8
 An expensive camera shatters into a thousand pieces!
 You owe Enrobwem 267 zorkmids for it!
 The small mimic hits!
 In what direction? 8
 The spell hits the small mimic!
 The small mimic hits!
 In what direction? 8
 The spell hits the small mimic!
 In what direction? 8
 The spell hits the small mimic!
 You kill the small mimic!
 You see here a small mimic corpse (for sale, 31 zorkmids).
 You owe Enrobwem 267 zorkmids for the use of merchandise.
 But you don't have enough gold.
 The kitten bites the hobgoblin.
 The hobgoblin is killed!
 Your kitten eats a hobgoblin corpse.
 You see here a tin opener (for sale, 40 zorkmids).
 You see here a whistle (for sale, 13 zorkmids).
 You see here a stethoscope (for sale, 100 zorkmids).
 You see here a lock pick (for sale, 27 zorkmids).
 You see here a key (for sale, 18 zorkmids).
 You see here a key (for sale, 18 zorkmids).
 You see here a leash (for sale, 27 zorkmids).
 What do you want to drop? [$a-jl-zB-EG-IK-MOPR-T or ?*] g
 You drop an uncursed potion of polymorph.
 Enrobwem seems uninterested.
 g - an uncursed potion of polymorph.
 What do you want to drop? [$a-jl-zB-EG-IK-MOPR-T or ?*] ?
 What do you want to drop? [$a-jl-zB-EG-IK-MOPR-T or ?*] <space>
 Never mind.
 In what direction? 2
 The spell misses Enrobwem.
 Enrobwem gets angry!
 Enrobwem zaps a runed wand!
 Boing!
 You miss Enrobwem.
 Enrobwem hurls a ruby potion!
 The flask crashes on your head and breaks into shards.
 The ruby potion evaporates.
 You feel rather tired.
 Enrobwem hits!
 Enrobwem hits again!
 Your kitten eats a small mimic corpse.
 You see a tripe ration appear where your kitten was!
 Enrobwem hits!
 You die...
 Enrobwem takes all your possessions.
 Do you want to see what you had when you died? [ynq] (y) q

Inventory:
 Weapons  (')')
  S - a cursed +0 arrow
  x - a blessed +1 dart
  y - 10 uncursed +1 darts
  I - 6 uncursed +0 darts
  a - a blessed +1 quarterstaff (weapon in hands)
 Armor    ('[')
  b - an uncursed +3 cloak of magic resistance (being worn)
 Comestibles  ('%')
  s - an uncursed carrot
  v - 6 uncursed food rations
  z - a cursed food ration
  p - a cursed tripe ration
  o - an uncursed lichen corpse
 Scrolls  ('?')
  t - a cursed scroll of destroy armor
  i - an uncursed scroll of enchant weapon
  j - an uncursed scroll of identify
  D - 2 uncursed scrolls of light
  K - a cursed scroll of teleportation
 Spellbooks  ('+')
  l - a blessed spellbook of force bolt
  r - an uncursed spellbook of light
  m - an uncursed spellbook of sleep
 Potions  ('!')
  f - an uncursed potion of booze
  u - an uncursed potion of healing
  h - an uncursed potion of levitation
  g - an uncursed potion of polymorph
  w - an uncursed potion of water
 Rings    ('=')
  e - an uncursed +2 ring of adornment
  d - an uncursed ring of teleport control
 Wands    ('/')
  C - an uncursed wand of light (0:13)
  c - an uncursed wand of undead turning (0:5)
 Tools    ('(')
  E - an empty cursed sack
  q - an uncursed blindfold
  n - an uncursed magic marker (0:19)
  R - an uncursed tallow candle
  P - a cursed tallow candle
  T - 2 uncursed wax candles
 Gems/Stones  ('*')
  B - a cursed chrysoberyl stone
  L - 2 uncursed worthless pieces of black glass
  M - 2 uncursed worthless pieces of red glass
  O - an uncursed worthless piece of violet glass
  H - 2 uncursed flint stones
  G - a cursed touchstone

Jinnora the Wizard's attributes:

Background:
 You were a Conjurer, a level 5 female human Wizard.
 You were neutral, on a mission for Thoth
 who was opposed by Ptah (lawful) and Anhur (chaotic).
 You were left-handed.
 You were in the Gnomish Mines, on level 6.
 You entered the dungeon 1499 turns ago.
 It was nighttime.
 You had 305 experience points, 15 more were needed to attain level 6.

Basics:
 You had 0 out of 37 hit points.
 You had 13 out of 38 energy points (spell power).
 Your armor class was 6.
 Your wallet was empty.
 Autopickup was off.

Final Characteristics:
 Your strength was 12 (limit:18/100).
 Your dexterity was 18 (limit:18).
 Your constitution was 12 (limit:18).
 Your intelligence was 15 (limit:18).
 Your wisdom was 9 (limit:18).
 Your charisma was 10 (limit:18).

Final Status:
 You weren't hungry.
 You were unencumbered.
 You were wielding a quarterstaff.
 You had basic skill with quarterstaff.

Final Attributes:
 You were devoutly aligned.
 You were magic-protected.
 You were warded.
 You are dead.

Miscellaneous:
 You encountered 1 bones level.
 Total elapsed playing time was 11 minutes and 3 seconds.

Major events:
 Turn
    1: Jinnora the neutral female human Wizard entered the dungeon
  589: entered the Gnomish Mines
  658: attained the rank of Conjurer (level 3)
 1239: reached Mine Town
 1499: killed by Mr. Enrobwem; the shopkeeper, while sleeping off a magical draught

Spells:
 Name                 Level Category     Fail Retention
 force bolt             1   attack         0%  91%-100%
 sleep                  3   enchantment    0%  91%-100%
 light                  1   divination     0%  76%-100%

Skills:
 Fighting Skills
   bare handed combat [Unskilled]
   riding             [Unskilled]
 Weapon Skills
   dagger             [Unskilled]
   knife              [Unskilled]
   axe                [Unskilled]
   short sword        [Unskilled]
   club               [Unskilled]
   mace               [Unskilled]
   quarterstaff       [Basic]
   polearms           [Unskilled]
   spear              [Unskilled]
   trident            [Unskilled]
   sling              [Unskilled]
   dart               [Unskilled]
   shuriken           [Unskilled]
 Spellcasting Skills
   attack spells      [Basic]
   healing spells     [Unskilled]
   divination spells  [Unskilled]
   enchantment spells [Basic]
   clerical spells    [Unskilled]
   escape spells      [Unskilled]
   matter spells      [Unskilled]

Voluntary challenges:
 Character rerolling was not enabled.
 You never genocided any monsters.
 You never polymorphed an object.
 You never changed form.
 You used no wishes.
Achievements:
 You entered the Gnomish Mines.
 You attained the rank of Conjurer.
 You entered Minetown.
 You entered a temple.
 You entered a shop.

 The Dungeons of Doom: levels 1 to 4
    Level 1:
       A fountain.
    Level 2:
       Stairs down to The Gnomish Mines.
    Level 3:
       A fountain.
    Level 4:
       Final resting place for
          merpish-Arc-Dwa-Mal-Law, killed by a red mold.
 The Gnomish Mines: levels 3 to 6
    Level 3:
    Level 4:
    Level 5:
    Level 6: <- You were here.
       Many shops, a temple and an altar, some fountains.
       Final resting place for
          you, killed by Mr. Enrobwem; the shopkeeper, while sleeping off a magical draught.


Vanquished creatures:
  a ghost
  a small mimic
  a gnome ruler
  a shrieker
  4 gnome leaders
  2 gnomish wizards
  4 dwarves
  a hobbit
  a hobgoblin
  a red mold
 13 gnomes
  a garter snake
  3 jackals
  2 goblins
  2 grid bugs
  2 lichens
  4 newts
44 creatures vanquished.

No species were genocided or became extinct.

Game over:
                       ----------
                      /          \
                     /    REST    \
                    /      IN      \
                   /     PEACE      \
                  /                  \
                  |     Jinnora      |
                  |       0 Au       |
                  |  killed by Mr.   |
                  |  Enrobwem; the   |
                  |    shopkeeper    |
                  |                  |
                  |       2026       |
                 *|     *  *  *      | *
        _________)/\\_//(\/(/\)/\//\/|_)_______

Goodbye Jinnora the Wizard...

You died in The Gnomish Mines on dungeon level 6 with 1480 points,
and 0 pieces of gold, after 1499 moves.
You were level 5 with a maximum of 37 hit points when you died.

